 Dungeon Crawl Stone Soup version 0.29-a0-398-ge13fd1374b (webtiles) character file.

Game seed: 4447824604162958764

149 spaghetti the Covered (level 5, -3/41 HPs)
             Began as a Mummy Fighter on May 12, 2022.
             Splashed by a jelly's acid (7 damage)
             ... on level 3 of the Dungeon.
             The game lasted 00:03:30 (2350 turns).

spaghetti the Covered (Mummy Fighter)               Turns: 2350, Time: 00:03:30

Health: -3/41      AC: -4    Str: 21    XL:     5   Next: 9%
Magic:  5/5        EV:  9    Int:  8    God:
Gold:   93         SH:  4    Dex: 11    Spells: 4/4 levels left

rFire   x . .      SeeInvis .   z - +2 dagger (venom) {short}
rCold   + . .      Faith    .   b - +0 buckler
rNeg    + + +      Spirit   .   a - +0 scale mail
rPois   ∞          Reflect  .   (no helmet)
rElec   .          Harm     .   (no cloak)
rCorr   .          Rampage  .   (no gloves)
Will    .....                   (no boots)
Stlth   ..........              (no amulet)
HPRegen 0.13/turn               (no ring)
MPRegen 0.09/turn               (no ring)

@: corroded
A: cold resistance 1, negative energy resistance 3, torment resistance 2, heat
vulnerability 1, in touch with death 1, no potions
a: no special abilities


You were on level 3 of the Dungeon.
You visited 1 branch of the dungeon, and saw 3 of its levels.

You collected 93 gold pieces.


Innate Abilities, Weirdness & Mutations

You are immune to poison.
Your flesh is cold resistant. (rC+)
You are immune to negative energy. (rN+++)
You are immune to unholy pain and torment.
You are vulnerable to heat. (rF-)
You are in touch with the powers of death.
You do not drink.


   Skills:
 - Level 3.0 Fighting
 + Level 4.1 Armour
 - Level 2.4 Shields
 - Level 2.8 Unarmed Combat


You had 4 spell levels left.
You didn't know any spells.
Your spell library contained the following spells:

 Spells                   Type           Power      Damage    Failure   Level
 Freeze                   Ice            0%         1d3       83%         1
 Frozen Ramparts          Ice            0%         1d2       99%         3
 Hailstorm                Conj/Ice       0%         3d3       100%        4
 Summon Lightning Spire   Summ/Air       0%         N/A       100%        4
 Maxwell's Capacitive Co  Air            0%         ∞         100%        8
 Storm Form               Tmut/Air       Unusable   N/A       N/A         7

Inventory:

Hand Weapons
 e - a +0 dagger {short}
   (You took it off a goblin on level 1 of the Dungeon)
 g - a +0 short sword {short}
   (You took it off a kobold on level 1 of the Dungeon)
 h - a +0 dagger {short}
   (You took it off a goblin on level 1 of the Dungeon)
 i - a +0 short sword {short}
   (You took it off a kobold on level 1 of the Dungeon)
 j - a +0 falchion {long}
   (You found it on level 1 of the Dungeon)
 k - a +0 dagger {short}
   (You took it off a kobold on level 1 of the Dungeon)
 l - a +0 dagger {short}
   (You took it off a goblin on level 1 of the Dungeon)
 m - a +0 dagger {short}
   (You took it off a kobold on level 1 of the Dungeon)
 o - a +0 flail {mace}
   (You found it on level 1 of the Dungeon)
 q - a +0 short sword {short}
   (You took it off a kobold on level 1 of the Dungeon)
 r - a +0 dagger {short}
   (You took it off a kobold on level 2 of the Dungeon)
 s - a +0 club {mace}
   (You took it off a goblin on level 2 of the Dungeon)
 t - a +0 club {mace}
   (You took it off a goblin on level 2 of the Dungeon)
 u - a +0 dagger {short}
   (You found it on level 2 of the Dungeon)
 w - a +0 quarterstaff {staff}
   (You found it on level 2 of the Dungeon)
 x - a +0 dagger {short}
   (You took it off a kobold on level 2 of the Dungeon)
 y - a +0 club {mace}
   (You took it off a goblin on level 2 of the Dungeon)
 z - a +2 dagger of venom (weapon) {short}
   (You took it off a goblin on level 2 of the Dungeon)
Missiles
 c - 87 stones (quivered) {throwing}
 A - 3 boomerangs {throwing}
Armour
 a - a +0 scale mail (worn)
 b - a +0 buckler (worn)
 f - a +0 kite shield
   (You found it on level 1 of the Dungeon)
Scrolls
 d - a scroll of teleportation {unknown}
 n - 2 scrolls of identify {unknown}
 p - a scroll of amnesia {unknown}
 v - a scroll of immolation {unknown}

Dungeon Overview and Level Annotations

Branches:
Dungeon (3/15)

Altars:

.......# #####......#
........... .(........#
.>. ..$(...... #.#
....(.... #!#
.....(..#######.#
......J@...##...#
....##.....+....# .
.........#.##.########
..........'............
...........#.##.########
....#............# #...
..........##.##..####.##
.......#+###.##........#
.....#......#.#####..#


You could see a jelly (very poisoned).


Message History

😕 HP[+6] MP[+1]
You now have 41 max hp (+6).
You regained 6 hp, and now have 37/41 hp.
Your mp is fully restored (5).
Unknown command.
You hit the orc.
The orc is poisoned.
The orc hits you but does no damage.
You closely miss the orc. The orc hits you but does no damage.
You barely miss the orc. The orc barely misses you.
The orc hits you but does no damage. 😕 HP[+1]
You hit the orc.
The orc is poisoned.
You kill the orc!
The orc closely misses you.
You hit the orc.
The orc is poisoned.
The orc hits you but does no damage. The orc closely misses you.
You closely miss the orc. You block the orc's attack.
The orc hits you but does no damage.
You hit the orc.
You kill the orc!
You block the orc's attack.
You hit the orc.
The orc looks as sick as possible!
You kill the orc!
You hit the orc.
You kill the orc!
A - 3 boomerangs {throwing}
Items here: ))) †. 😕 HP[+1]
Items here: )) [ †.
Items here: ))) †.
c - 91 stones {throwing} (gained 1)
Items here: ))) †.
Items here: )) [ †.
Okay, then.
Found a stone staircase leading down.
Key pressed, stopping explore.
Key pressed, stopping explore.
You open the door.
There is an open door here.
A jelly comes into view.
The jelly quivers. 😎 HP[+2]
Your hp is fully restored (41).
You throw a stone {throwing}.
The stone {throwing} hits the jelly but does no damage.
You throw a stone {throwing}.
The stone {throwing} hits the jelly but does no damage.
You throw a stone {throwing}. The stone {throwing} hits the jelly.
You throw a stone {throwing}.
The stone {throwing} hits the jelly but does no damage.
You barely miss the jelly. The jelly closely misses you.
You hit the jelly.
Your hands burn!
The jelly hits you but does no damage. 😕 HP[-3]
You take 3 damage, and now have 38/41 hp.
You are too injured to fight recklessly!
You are too injured to fight recklessly!
You are too injured to fight recklessly!
You are too injured to fight recklessly!
You are too injured to fight recklessly!
You are too injured to fight recklessly!
You are too injured to fight recklessly!
You are too injured to fight recklessly!
You are too injured to fight recklessly!
You are too injured to fight recklessly!
You are too injured to fight recklessly!
You are too injured to fight recklessly!
You hit the jelly. The acid corrodes you!
Your hands burn!
The jelly barely misses you. 😕 HP[-5]
You take 5 damage, and now have 33/41 hp.
You hit the jelly.
The jelly is poisoned.
The acid corrodes you!
Your hands burn!
The jelly hits you. The acid corrodes you!
You are splashed with acid! 😮 HP[-12]
You take 12 damage, and now have 21/41 hp.
MASSIVE DAMAGE!! (PAUSE) Unknown command.
You hit the jelly but do no damage.
Your hands burn!
* * * LOW HITPOINT WARNING * * *
The jelly hits you.
* * * LOW HITPOINT WARNING * * *
You are splashed with acid!
* * * LOW HITPOINT WARNING * * *
😱 HP[-12]
You take 12 damage, and now have 9/41 hp.
MASSIVE DAMAGE!! (PAUSE) Unknown command.
Unknown command.
You hit the jelly but do no damage. The acid corrodes you!
Your hands burn!
* * * LOW HITPOINT WARNING * * *
The jelly barely misses you. 😱 HP[-2]
You take 2 damage, and now have 7/41 hp.
Unknown command.
Unknown command.
You hit the jelly but do no damage.
Your hands burn!
* * * LOW HITPOINT WARNING * * *
The jelly hits you.
* * * LOW HITPOINT WARNING * * *
You are splashed with acid!
You die...

Skill      XL: |  1  2  3  4 |
---------------+-------------+-----
Unarmed Combat | 2 |  2.8
Armour         | 3 4 |  4.1
Fighting       | |  3.0
Shields        | |  2.4

Action                   |  1- 3 |  4- 6 || total
-------------------------+-------+-------++-------
Melee: Unarmed           |   145 |    19 ||   164
       Dagger            |       |    51 ||    51
Throw: Stone             |    12 |    35 ||    47
Armor: Scale mail        |    69 |    22 ||    91
Dodge: Dodged            |    77 |    19 ||    96
Block: Buckler           |    27 |     8 ||    35

Levels and vault maps discovered:
D:1:      dpeg_arrival_lava_temple_mockup, layout_rooms,
          shapermc_ecumenical_altar_ellora, minmay_misc_feat_rows,
          hangedman_glass_teeth, minivault_27
D:2:      layout_loops_cross, uniq_natasha
D:3:      layout_basic, serial_shops, shop, minmay_misc_feat_nine_boxes

Notes
Turn   | Place    | Note
-------+----------+-------------------------------------------
     0 | D:1      | spaghetti the Mummy Fighter began the quest for the Orb.
     0 | D:1      | Reached XP level 1. HP: 18/18 MP: 1/1
     0 | D:1      | magus.rc [v1.9.6]
   309 | D:1      | Reached XP level 2. HP: 19/24 MP: 2/2
   320 | D:1      | Reached skill level 2 in Unarmed Combat
   875 | D:1      | Reached skill level 3 in Armour
   990 | D:1      | You pick up a book of Frost and begin reading...
   990 | D:1      | You add the spells Freeze, Frozen Ramparts and Hailstorm to
                  | your library.
  1018 | D:1      | Found a faded altar of an unknown god.
  1114 | D:2      | Gained mutation: You are in touch with the powers of death.
                  | [Mummy growth]
  1114 | D:2      | Reached XP level 3. HP: 29/29 MP: 3/3
  1463 | D:2      | Noticed Natasha
  1487 | D:2      | Killed Natasha
  1488 | D:2      | Reached XP level 4. HP: 14/35 MP: 4/4
  1905 | D:2      | You pick up a book of the Sky and begin reading...
  1905 | D:2      | You add the spells Summon Lightning Spire and Maxwell's
                  | Capacitive Coupling to your library.
  1972 | D:2      | Noticed Natasha
  1979 | D:2      | Killed Natasha
  2255 | D:3      | Reached skill level 4 in Armour
  2255 | D:3      | Reached XP level 5. HP: 37/41 MP: 5/5
  2348 | D:3      | HP: 9/41 [acid (7)]
  2350 | D:3      | HP: 4/41 [jelly (1)]
  2350 | D:3      | Splashed by a jelly's acid

Vanquished Creatures
  Natasha (twice) (D:2)
  An orc wizard (D:3)
  An adder (D:2)
  A worm (D:2)
  A dart slug (D:1)
  4 orcs (D:3)
  3 ball pythons
  2 endoplasms (D:2)
  7 goblins
  7 hobgoblins
  7 kobolds
  3 quokkas
  5 bats
  2 frilled lizards (D:2)
  7 rats
53 creatures vanquished.

Vanquished Creatures (others)
  A plant (D:1)
1 creature vanquished.

Grand Total: 54 creatures vanquished

Table legend:
 A = Non-vault XP
 B = Vault XP
 C = Vault XP percentage of total XP
 D = Non-vault monster count
 E = Vault monster count
 F = Vault count percentage of total count
                 A         B        C        D         E       F
            +---------+---------+-------+---------+---------+-------
      Total |     176 |      37 |  17.4 |      52 |       1 |   1.9
            +---------+---------+-------+---------+---------+-------
        D:1 |      40 |       0 |   0.0 |      25 |       0 |   0.0
        D:2 |      89 |      37 |  29.4 |      22 |       1 |   4.3
        D:3 |      47 |       0 |   0.0 |       5 |       0 |   0.0
            +---------+---------+-------+---------+---------+-------

Illustrated notes

Table legend:
 A = Kills in this place as a percentage of kills in entire the game.
 B = Kills by you in this place as a percentage of kills by you in the entire game.
 C = Kills by friends in this place as a percentage of kills by friends in the entire game.
 D = Other kills in this place as a percentage of other kills in the entire game.
 E = Experience gained in this place as a percentage of experience gained in the entire game.
 F = Experience gained in this place divided by the number of levels of this place that you have seen.
                   A       B       C       D       E      F
               +-------+-------+-------+-------+-------+----------------------
         Total | 100.0 | 100.0 |   N/A |   N/A | 100.0 |  71.0
       Dungeon | 100.0 | 100.0 |   N/A |   N/A | 100.0 |  71.0
               +-------+-------+-------+-------+-------+----------------------

Table legend: (Time is in decaauts)
 A = Elapsed time spent in this place.
 B = Non-inter-level travel time spent in this place.
 C = Inter-level travel time spent in this place.
 D = Time resting spent in this place.
 E = Time spent auto-exploring this place.
 F = Levels seen in this place.
 G = Mean time per level.
                   A        B        C        D        E       F      G
               +--------+--------+--------+--------+--------+-----+--------+
         Total |   2358 |   2314 |     44 |    690 |   1196 |   3 |  786.0 |
       Dungeon |   2358 |   2314 |     44 |    690 |   1196 |   3 |  786.0 |
               +--------+--------+--------+--------+--------+-----+--------+

Top non-repeatable levels by time:
     D:2: 1111 daAuts
     D:1: 1108 daAuts
     D:3: 138 daAuts
